 Dungeon Crawl Stone Soup version 0.31-a0-726-g3c93526463 (webtiles) character file.

Game seed: 9302309019127255711

175 Ordine the Sneak (level 5, -1/24 HPs)
             Began as a Spriggan Enchanter on Sept 11, 2023.
             Slain by an orc
             ... wielding a +0 war axe
              (3 damage)
             ... on level 4 of the Dungeon.
             The game lasted 00:06:44 (2952 turns).

Ordine the Sneak (Spriggan Enchanter)               Turns: 2952, Time: 00:06:44

Health: -1/24      AC:  2    Str:  4    XL:     5   Next: 29%
Magic:  4/10       EV: 32    Int: 18    God:
Gold:   208        SH:  0    Dex: 16    Spells: 4/9 levels left

rFire   . . .        a - +1 dagger
rCold   . . .        (no shield)
rNeg    . . .        b - +0 robe
rPois   .            (helmet restricted)
rElec   .            (no cloak)
rCorr   .            (gloves unavailable)
SInv    +            (boots unavailable)
Will    .....        f - amulet of the acrobat
Stlth   ++++         (no ring)
HPRegen 0.24/turn    (no ring)
MPRegen 0.12/turn

%: acrobat
@: acrobatic, very slightly contaminated, very quick
A: very small, no large weapons, unfitting armour, see invisible, speed 3
a: no special abilities


You were on level 4 of the Dungeon.
You visited 1 branch of the dungeon, and saw 4 of its levels.

You collected 208 gold pieces.

Inventory:

Hand Weapons
 a - a +1 dagger (weapon)
Armour
 b - a +0 robe (worn)
Jewellery
 f - an amulet of the acrobat (around neck)
Scrolls
 d - 3 scrolls of acquirement {unknown}
 e - a scroll of enchant weapon {unknown}
 h - a scroll of noise {unknown}
 i - a scroll of butterflies {unknown}
 j - a scroll of identify {unknown}
 k - a scroll of revelation {unknown}
Potions
 c - 2 potions of invisibility
 g - 2 potions of resistance {unknown}
 l - 2 potions of curing {unknown}


   Skills:
 + Level 4.1 Short Blades
 - Level 2.6 Dodging
 + Level 7.3 Stealth
 - Level 2.6 Spellcasting
 - Level 3.6 Hexes


You had 4 spell levels left.
You knew the following spells:

 Your Spells              Type           Power      Damage    Failure   Level
a - Ensorcelled Hibernat  Hex/Ice        16%        N/A       12%         2
b - Confusing Touch       Hex            15%        N/A       12%         3

Your spell library contained the following spells:

 Spells                   Type           Power      Damage    Failure   Level
 Tukima's Dance           Hex            15%        N/A       12%         3
 Dazzling Flash           Conj/Hex       16%        N/A       24%         3
 Blink                    Tloc           4%         N/A       26%         2
 Lesser Beckoning         Tloc           4%         N/A       26%         2
 Momentum Strike          Conj/Tloc      4%         3d8       26%         2
 Silence                  Hex/Air        4%         N/A       92%         5
 Agony                    Necr           2%         N/A       99%         5


Dungeon Overview and Level Annotations

Branches:
Dungeon (4/15)
 Temple: D:4-7

Altars:
Makhleb
Zin


Innate Abilities, Weirdness & Mutations

You are very small and have problems with some larger weapons.
You are too small for most types of armour.
You have supernaturally acute eyesight. (SInv)
You cover ground extremely quickly. (Speed+++)


Message History

Found 2 green potions.
An orc comes into view. It is wielding a +0 club.
You see here a +0 club.
You start waiting.
An orc is nearby!
Casting: Ensorcelled Hibernation (safe; 12% risk of failure)
Confirm with . or Enter, or press ? or * to list all spells.
Aiming: Ensorcelled Hibernation (safe; 12% risk of failure)
Press: ? - help, Shift-Dir - straight line, f - orc
Aim: an orc, wielding a +0 club and wearing a +0 leather armour (chance to affect: 59%)
You miscast Ensorcelled Hibernation.
You are very lightly contaminated with residual magic.
Nothing appears to happen.
Casting: Ensorcelled Hibernation (safe; 12% risk of failure)
Confirm with . or Enter, or press ? or * to list all spells.
Aiming: Ensorcelled Hibernation (safe; 12% risk of failure)
Press: ? - help, Shift-Dir - straight line, f/p - orc
Aim: an orc, wielding a +0 club and wearing a +0 leather armour (chance to affect: 59%)
The orc resists with significant effort.
Casting: Ensorcelled Hibernation (safe; 12% risk of failure)
Confirm with . or Enter, or press ? or * to list all spells.
Aiming: Ensorcelled Hibernation (safe; 12% risk of failure)
Press: ? - help, Shift-Dir - straight line, f/p - orc
Aim: an orc, wielding a +0 club and wearing a +0 leather armour (chance to affect: 59%)
The orc resists with significant effort.
The orc hits you with a +0 club.
The orc priest mumbles some strange prayers to Beogh against you.
Beogh smites you!
Ouch! That really hurt!
* * * LOW HITPOINT WARNING * * *
You hear a shout!
Unknown command.
You hear a shout!
The orc shouts!
The orc priest shouts!
The orc shouts!
The orc hits you with a +0 short sword.
* * * LOW HITPOINT WARNING * * *
The orc hits you with a +0 war axe.
You die...

.........###.......##
########.# ###..####
#.# ##..# ..? #.#
#..# ...
#.######..### ....
#.#<......†.#### ....
..######.#.....###.
.... ###
####......... ....
#..@o.o...... ##.#
#...o.###.... ....
#.###.#.#.##. ##.#
#...##...# #
###o.#..#.## ..
#...##.###.# ....
#..o##..# .# ....
#.##..##.. . .... #.
#)## ###.# ....


You could see an orc priest and 2 orcs.

Vanquished Creatures
  4 gnolls
  6 adders
  An ufetubus (D:4)
  2 worms (D:3)
  2 dart slugs
  7 bats
  10 endoplasms
  2 giant cockroaches
  5 hobgoblins
  4 jackals (D:2)
  4 quokkas
  4 ball pythons
  A frilled lizard (D:3)
  5 goblins
  4 kobolds (D:1)
  6 rats
67 creatures vanquished.

Notes
Turn   | Place    | Note
-------+----------+-------------------------------------------
     0 | D:1      | Ordine the Spriggan Enchanter began the quest for the Orb.
     0 | D:1      | Reached XP level 1. HP: 9/9 MP: 5/5
    76 | D:1      | Reached XP level 2. HP: 12/13 MP: 6/6
    79 | D:1      | Learned a level 2 spell: Ensorcelled Hibernation
   148 | D:1      | Reached skill level 5 in Stealth
   149 | D:1      | Found a faded altar of an unknown god.
   492 | D:1      | Reached XP level 3. HP: 13/16 MP: 8/8
   781 | D:2      | Reached skill level 6 in Stealth
   948 | D:2      | Found a glowing silver altar of Zin.
   987 | D:2      | Reached XP level 4. HP: 21/21 MP: 4/9
   997 | D:2      | Learned a level 3 spell: Confusing Touch
  1820 | D:3      | Found a burning altar of Makhleb.
  2433 | D:2      | Reached skill level 7 in Stealth
  2433 | D:2      | Reached XP level 5. HP: 16/24 MP: 2/10
  2800 | D:4      | Noticed a black bear
  2952 | D:4      | Slain by an orc

Illustrated notes

Levels and vault maps discovered:
D:1:      lordsloth_arrival_two_stooges, layout_rooms, basic_ecumenical_altar
D:2:      layout_basic, basic_altar, minmay_misc_feat_iff
D:3:      layout_basic, old_standard_altar, serial_aquarium,
          aquarium_bridge_straight [aquarium_subvault_bridge,
          aquarium_subvault_balcony, aquarium_subvault_bridge,
          aquarium_subvault_wall], aquarium_window_1, aquarium_window_fake,
          aquarium_window_corridor_1, aquarium_window_corner, aquarium_view_2g,
          aquarium_view_2d, aquarium_balcony_1a
D:4:      layout_basic, minmay_misc_feat_rugged, minmay_pentomino_pile

Skill      XL: |  1  2  3  4  5 |
---------------+----------------+-----
Stealth        | 5 6 7 |  7.3
Short Blades   | 2 3 4 |  4.1
Dodging        | |  2.6
Spellcasting   | |  2.6
Hexes          | |  3.6

Action                     |  1- 3 |  4- 6 || total
---------------------------+-------+-------++-------
  Melee: Dagger            |    84 |    54 ||   138
         Punch             |     2 |       ||     2
   Cast: Ensorcelled Hiber |    12 |    26 ||    38
   Stab: Sleeping          |    19 |    21 ||    40
         Distracted        |       |     1 ||     1
 Armour: Robe              |    15 |    14 ||    29
  Dodge: Dodged            |    57 |    46 ||   103

Table legend: (Time is in decaauts)
 A = Elapsed time spent in this place.
 B = Non-inter-level travel time spent in this place.
 C = Inter-level travel time spent in this place.
 D = Time resting spent in this place.
 E = Time spent auto-exploring this place.
 F = Levels seen in this place.
 G = Mean time per level.
                   A        B        C        D        E       F      G
               +--------+--------+--------+--------+--------+-----+--------+
         Total |   2180 |   2014 |    166 |    163 |   1400 |   4 |  545.0 |
       Dungeon |   2180 |   2014 |    166 |    163 |   1400 |   4 |  545.0 |
               +--------+--------+--------+--------+--------+-----+--------+

Top non-repeatable levels by time:
     D:2: 869 daAuts
     D:3: 720 daAuts
     D:1: 506 daAuts
     D:4: 84 daAuts
